 Dungeon Crawl Stone Soup version 0.14-a0-1361-g0512ea0 (webtiles) character file.

267 Gorice the Ruinous (level 5, -4/45 HPs)
             Began as an Ogre Conjurer on Dec 7, 2013.
             Was a Follower of Zin.
             Slain by an orc wizard
             ... wielding a -1,+1 orcish dagger
              (6 damage)
             ... on Level 3 of the Dungeon.
             The game lasted 00:16:05 (1829 turns).

Gorice the Ruinous (Ogre Conjurer)                  Turns: 1829, Time: 00:16:06

HP  -4/45        AC  3     Str 13      XL: 5   Next: 48%
MP   9/11        EV 10     Int 15      God: Zin [*.....]
Gold 99          SH  0     Dex 10      Spells:  2 memorised,  8 levels left

rFire  . . .     SeeInvis .     a - +0,+2 dwarf hand axe (chop)
rCold  . . .     Clarity  .     k - +0 elf robe
rNeg   + . .     Conserve .     (shield restricted)
rPois  .         rCorr    .     (helmet restricted)
rElec  .         rRot     .     (no cloak)
SustAb . .       Spirit   .     (gloves unavailable)
rMut   .         Warding  +     (boots unavailable)
Saprov + . .     Stasis   .     h - amulet of warding
                                (no ring)
                                (no ring)

@: slightly resistant to hostile enchantments, unstealthy
A: unfitting armour, fast metabolism 1, saprovore 1, tough skin 1
a: Recite, Renounce Religion


You were on level 3 of the Dungeon.
You worshipped Zin.
Zin was aware of your devotion.
You were not hungry.

You visited 1 branch of the dungeon, and saw 3 of its levels.

You collected 109 gold pieces.
You donated 10 gold pieces.

Inventory:

Hand weapons
 a - a +0,+2 dwarven hand axe of chopping (weapon)
 y - a cursed -2,-2 dagger
Missiles
 i - 64 darts
 m - 2 poisoned darts (quivered)
 p - 31 poisoned needles
 Z - 20 stones
Armour
 k - a +0 elven robe (worn)
Comestibles
 b - 5 meat rations
 f - a snozzcumber
 g - a bread ration
 j - 2 rotting chunks of worm flesh
 l - a chunk of ball python flesh
 o - a choko
 r - 7 grapes
Scrolls
 e - a scroll of curse weapon {unknown}
 n - a scroll of fear
 t - a scroll of identify
 v - 2 scrolls of remove curse
Jewellery
 h - an amulet of warding (around neck)
Potions
 B - a potion of mutation {unknown}
Books
 c - a book of Conjurations

   Spells                             Type                      Level
   *Magic Dart                        Conjuration                  1
   *Searing Ray                       Conjuration                  2
   Dazzling Spray                     Conjuration/Hexes            3
   Iskenderun's Mystic Blast          Conjuration                  4
   Iskenderun's Battlesphere          Conjuration/Charms           4
   Fulminant Prism                    Conjuration/Hexes            5


   Skills:
 - Level 1.7 Dodging
 - Level 1.5 Stealth
 + Level 3.6 Spellcasting
 * Level 4.5 Conjurations


You had 8 spell levels left.
You knew the following spells:

 Your Spells              Type           Power        Failure   Level  Hunger
a - Magic Dart            Conj           ###.         3%          1    None
b - Searing Ray           Conj           ###...       6%          2    ##.....


Dungeon Overview and Level Annotations

Branches:
Dungeon (3/16)

Altars:
Zin


Innate Abilities, Weirdness & Mutations

You are too large for most types of armour.
You have a fast metabolism.
You can tolerate rotten meat.
You have tough skin (AC +1).


Message History

The orc wizard hits you with an orcish dagger.
* * * LOW HITPOINT WARNING * * *
You closely miss the orc wizard.
The orc wizard is heavily wounded.
The orc wizard barely misses you.
You closely miss the orc. You hit the orc.
You kill the orc!
The orc wizard hits you with an orcish dagger.
* * * LOW HITPOINT WARNING * * *
You hit the orc wizard.
The orc wizard is severely wounded.
The orc wizard hits you but does no damage.
You barely miss the orc wizard.
The orc wizard is severely wounded.
The orc wizard hits you with an orcish dagger.
* * * LOW HITPOINT WARNING * * *
The orc closely misses you.
The orc wizard hits you with an orcish dagger.
You die...

##.## #.. ########### ###
#####...###..
#.........###................
#.............#####.#...###..
###.####..##.......## #..
##.....##.....##.##.# ###
#.......#..#####.##.# #
....#.......#...........# #
#....._...o@.#####.####
#.#.......#o## #.#
#.#.......#.# #.# ##.....##.#
#.# ###.####.. #.# ### ....
... #.# ##.. .### .... #.#
.... . .... #.. ##.. ... ###
###


You could see an orc wizard and an orc.

Vanquished Creatures
  An orc wizard (D:3)
  6 adders
  A giant mite (D:2)
  3 worms
  A giant gecko (D:1)
  4 orcs (D:3)
  A ball python (D:3)
  8 bats
  2 giant cockroaches
  7 goblins
  7 hobgoblins
  2 jackals (D:2)
  A quokka (D:2)
  4 giant newts
  7 kobolds
  6 rats
61 creatures vanquished.

Notes
Turn   | Place    | Note
--------------------------------------------------------------
     0 | D:1      | Gorice, the Ogre Conjurer, began the quest for the Orb.
     0 | D:1      | Reached XP level 1. HP: 16/16 MP: 3/3
    52 | D:1      | Reached skill level 3 in Conjurations
   177 | D:1      | Reached XP level 2. HP: 24/24 MP: 0/5
   393 | D:1      | HP: 1/24 [giant gecko (4)]
   692 | D:2      | Reached XP level 3. HP: 31/31 MP: 6/6
   924 | D:2      | Reached skill level 4 in Conjurations
   924 | D:2      | Reached XP level 4. HP: 25/39 MP: 1/9
  1560 | D:3      | Reached XP level 5. HP: 24/45 MP: 9/11
  1669 | D:3      | Learned a level 2 spell: Searing Ray
  1710 | D:3      | HP: 2/45 [orc wizard/orcish dagger (1)]
  1796 | D:3      | Found a glowing silver altar of Zin.
  1805 | D:3      | Became a worshipper of Zin the Law-Giver
  1805 | D:3      | Acquired Zin's first power
  1829 | D:3      | HP: 2/45 [orc wizard/orcish dagger (2)]
  1829 | D:3      | Slain by an orc wizard

Action                   |  1- 3 |  4- 6 || total
-------------------------+-------+-------++-------
Melee: Unarmed           |    43 |       ||    43
       Hand axe          |    25 |    54 ||    79
Throw: Dart              |    27 |       ||    27
 Cast: Magic Dart        |    56 |    49 ||   105
       Searing Ray       |       |     1 ||     1
  Use: Scroll            |     1 |     2 ||     3
       Potion            |       |     1 ||     1
